[Event "25th Bosnjaci Open 2020"]
[Site "Bosnjaci"]
[Date "2020.01.03"]
[Round "1.3"]
[White "Golubicic, Luka"]
[Black "Fercec, Nenad"]
[Result "0-1"]
[ECO "A49"]
[WhiteElo "1871"]
[BlackElo "2423"]
[Annotator "NA"]
[PlyCount "46"]
[EventDate "2020.01.03"]
[EventType "swiss"]
[EventCountry "CRO"]
[SourceTitle "playchess.com"]
[Source "ChessBase"]
[SourceQuality "1"]
[TimeControl "5400+30"]

1. d4 Nf6 2. Nf3 b6 3. g3 Bb7 4. Bg2 g6 5. O-O Bg7 6. a4 O-O 7. Na3 c5 8. dxc5 bxc5 9. c4 Na6 10. Nh4 Bxg2 11. Nxg2 Nb4 12. Nb5 d5 13. cxd5 Nfxd5 14. Ne3 a6 15. Na3 Nxe3 16. Bxe3 Bxb2 17. Bxc5 Qxd1 18. Rfxd1 Bxa1 19. Bxb4 Bf6 20. Rd7 Rfd8 21. Rxd8+ Rxd8 22. a5 Rd4 23. Bc5 Ra4 0-1

[Event "25th Bosnjaci Open 2020"]
[Site "Bosnjaci"]
[Date "2020.01.03"]
[Round "1.8"]
[White "Plenkovic, Zdenko"]
[Black "Dinic, Nenad"]
[Result "1-0"]
[ECO "B29"]
[WhiteElo "2348"]
[BlackElo "1854"]
[Annotator "ChessBase"]
[PlyCount "53"]
[EventDate "2020.01.03"]
[EventType "swiss"]
[EventCountry "CRO"]
[SourceTitle "playchess.com"]
[Source "ChessBase"]
[SourceQuality "1"]
[TimeControl "5400+30"]

1. e4 c5 2. Nf3 Nf6 3. e5 Nd5 4. Nc3 e6 5. Nxd5 exd5 6. d4 Nc6 7. dxc5 Bxc5 8. Bd3 d6 9. exd6 Qxd6 10. O-O O-O 11. Re1 h6 12. Be3 Bxe3 13. Rxe3 Be6 14. c3 Rad8 15. Nd4 Nxd4 16. cxd4 Bd7 17. Qb3 b6 18. Re5 Bc6 19. h3 Rfe8 20. Rc1 Rxe5 21. dxe5 Qe6 22. f4 Bd7 23. Rc7 b5 24. Qa3 a6 25. Qc5 g6 26. Be2 f5 27. Bf3 1-0

[Event "25th Bosnjaci Open 2020"]
[Site "Bosnjaci"]
[Date "2020.01.03"]
[Round "1.10"]
[White "Zovko, Mario"]
[Black "Novosad, Ivan"]
[Result "1-0"]
[ECO "B13"]
[WhiteElo "2330"]
[BlackElo "1843"]
[Annotator "NA"]
[PlyCount "55"]
[EventDate "2020.01.03"]
[EventType "swiss"]
[EventCountry "CRO"]
[SourceTitle "playchess.com"]
[Source "ChessBase"]
[SourceQuality "1"]
[TimeControl "5400+30"]

1. e4 c6 2. d4 d5 3. exd5 cxd5 4. c4 Nf6 5. Nc3 Bf5 6. Qb3 Qb6 7. Qxb6 axb6 8. cxd5 Na6 9. Nf3 Nb4 10. Bb5+ Nd7 11. O-O f6 12. Bd2 Bd3 13. Bxd3 Nxd3 14. Rab1 g5 15. g3 h5 16. a3 Bg7 17. Rfd1 Rc8 18. Kf1 b5 19. Ke2 b4 20. Kxd3 bxc3 21. bxc3 b6 22. c4 h4 23. Re1 Kf7 24. Bb4 Rhe8 25. Re6 Rc7 26. Rbe1 Bf8 27. g4 Rec8 28. Nd2 1-0

[Event "25th Bosnjaci Open 2020"]
[Site "Bosnjaci"]
[Date "2020.01.03"]
[Round "1.12"]
[White "Rosic, Slavko S"]
[Black "Mikic, Ivana"]
[Result "1-0"]
[ECO "D02"]
[WhiteElo "2295"]
[BlackElo "1838"]
[Annotator "NA"]
[PlyCount "101"]
[EventDate "2020.01.03"]
[EventType "swiss"]
[EventCountry "CRO"]
[SourceTitle "playchess.com"]
[Source "ChessBase"]
[SourceQuality "1"]
[TimeControl "5400+30"]

1. d4 Nf6 2. Nf3 e6 3. g3 d5 4. Bg2 b6 5. O-O Bb7 6. Ne5 Nbd7 7. f4 Be7 8. Nd2 O-O 9. e3 c5 10. c3 Ne8 11. Qa4 Nxe5 12. dxe5 Qc7 13. Qc2 g6 14. Nf3 Ng7 15. Bd2 Rac8 16. g4 Rfd8 17. Be1 d4 18. cxd4 Bxf3 19. Rxf3 cxd4 20. Qxc7 Rxc7 21. exd4 Rxd4 22. Bc3 Rd8 23. Bf1 Rcd7 24. Bb5 Bc5+ 25. Kg2 Rd1 26. Rf1 Rxa1 27. Rxa1 h5 28. h3 hxg4 29. hxg4 Ne8 30. Bxe8 Rxe8 31. Rd1 Kf8 32. Kf3 b5 33. a3 Ke7 34. Rh1 Rc8 35. Rc1 Rh8 36. Ba5 Bb6 37. Bxb6 axb6 38. Rc7+ Kd8 39. Rxf7 Rh2 40. Rb7 Rxb2 41. Rxb6 Ke7 42. Kg3 Rb3+ 43. Kh4 Rxa3 44. Rb7+ Kf8 45. Rxb5 Ra7 46. Kg5 Kf7 47. Rb8 Kg7 48. Re8 Kf7 49. Rh8 Ra4 50. Rh7+ Kg8 51. Re7 1-0

[Event "25th Bosnjaci Open 2020"]
[Site "Bosnjaci"]
[Date "2020.01.03"]
[Round "1.13"]
[White "Tadic, Drago"]
[Black "Stocko, Josip"]
[Result "0-1"]
[ECO "A02"]
[WhiteElo "1831"]
[BlackElo "2262"]
[Annotator "NA"]
[PlyCount "60"]
[EventDate "2020.01.03"]
[EventType "swiss"]
[EventCountry "CRO"]
[SourceTitle "playchess.com"]
[Source "ChessBase"]
[SourceQuality "1"]
[TimeControl "5400+30"]

1. f4 Nf6 2. Nf3 c5 3. c3 Nc6 4. e3 g6 5. g3 Bg7 6. Bg2 O-O 7. O-O d5 8. d4 b6 9. Ne5 Bb7 10. a3 e6 11. Nd2 Rc8 12. b4 cxd4 13. cxd4 Ne7 14. Bb2 Nf5 15. Re1 Nd6 16. h3 Nfe4 17. Nxe4 dxe4 18. Ng4 Nc4 19. Bc1 Qe7 20. Qa4 Bd5 21. Bf1 Rc7 22. b5 Rfc8 23. Ne5 Nxe5 24. dxe5 g5 25. Bb2 gxf4 26. exf4 f6 27. Qd1 fxe5 28. Bxe5 Bxe5 29. fxe5 Qc5+ 30. Kh1 Qf2 0-1

[Event "25th Bosnjaci Open 2020"]
[Site "Bosnjaci"]
[Date "2020.01.03"]
[Round "1.14"]
[White "Matanovic, Luka"]
[Black "Pejic, Ivo"]
[Result "1-0"]
[ECO "B07"]
[WhiteElo "2256"]
[BlackElo "1829"]
[Annotator "NA"]
[PlyCount "41"]
[EventDate "2020.01.03"]
[EventType "swiss"]
[EventCountry "CRO"]
[SourceTitle "playchess.com"]
[Source "ChessBase"]
[SourceQuality "1"]
[TimeControl "5400+30"]

1. e4 d6 2. d4 Nf6 3. Bd3 g6 4. Nf3 Bg7 5. O-O a6 6. Re1 O-O 7. h3 b5 8. a4 bxa4 9. Rxa4 Nbd7 10. Nc3 c5 11. e5 Ne8 12. Bg5 Nb6 13. exd6 Qd7 14. dxe7 Nxa4 15. Nxa4 Qxa4 16. b3 Qd7 17. exf8=Q+ Bxf8 18. Ne5 Qd6 19. Nxf7 Qd7 20. Bc4 Kg7 21. Bh6+ 1-0

[Event "25th Bosnjaci Open 2020"]
[Site "Bosnjaci"]
[Date "2020.01.04"]
[Round "2.1"]
[White "Kovacevic, Blazimir"]
[Black "Sadikovic, Jasmin"]
[Result "1/2-1/2"]
[ECO "A26"]
[WhiteElo "2451"]
[BlackElo "2111"]
[Annotator "ChessBase"]
[PlyCount "76"]
[EventDate "2020.01.03"]
[EventType "swiss"]
[EventCountry "CRO"]
[SourceTitle "playchess.com"]
[Source "ChessBase"]
[SourceQuality "1"]
[TimeControl "5400+30"]

1. c4 Nf6 2. g3 e5 3. Bg2 Nc6 4. Nc3 g6 5. d3 Bg7 6. e4 O-O 7. Nge2 d6 8. O-O Ne7 9. h3 c5 10. Rb1 Bd7 11. b4 b6 12. Bd2 h5 13. h4 Qc8 14. bxc5 bxc5 15. Qb3 Rb8 16. Qa3 Qc7 17. Rb3 Rxb3 18. axb3 Rb8 19. Rb1 Nh7 20. Kh2 Nf8 21. Nd5 Nxd5 22. exd5 Bf5 23. Be4 Bc8 24. Qa5 Qe7 25. Nc3 f5 26. Bg2 Bf6 27. Kg1 a6 28. b4 cxb4 29. Na2 Qd8 30. Qxd8 Bxd8 31. Rxb4 Rxb4 32. Bxb4 Be7 33. Nc3 Nd7 34. Na4 Kf7 35. Bf3 Ke8 36. Bd1 f4 37. Nc3 fxg3 38. fxg3 Nf6 1/2-1/2

[Event "25th Bosnjaci Open 2020"]
[Site "Bosnjaci"]
[Date "2020.01.04"]
[Round "2.2"]
[White "Abdil, Halil"]
[Black "Zaja, Ivan"]
[Result "0-1"]
[ECO "B32"]
[WhiteElo "2106"]
[BlackElo "2447"]
[Annotator "ChessBase"]
[PlyCount "78"]
[EventDate "2020.01.03"]
[EventType "swiss"]
[EventCountry "CRO"]
[SourceTitle "playchess.com"]
[Source "ChessBase"]
[SourceQuality "1"]
[TimeControl "5400+30"]

1. e4 c5 2. Nf3 Nc6 3. d4 cxd4 4. Nxd4 e5 5. Nb5 d6 6. N1c3 a6 7. Na3 Be6 8. Nc4 Rb8 9. Ne3 Nf6 10. Bd3 g6 11. O-O Bg7 12. b3 O-O 13. Ba3 b5 14. Bb2 Qb6 15. a4 b4 16. Nb1 Rbd8 17. Nd2 d5 18. Qe2 dxe4 19. Nxe4 Nxe4 20. Bxe4 Nd4 21. Bxd4 exd4 22. Nc4 d3 23. Bxd3 Bxc4 24. Bxc4 Bxa1 25. Rxa1 Rfe8 26. Qf3 Rd7 27. h4 h5 28. g3 Kg7 29. a5 Qd6 30. c3 Qe5 31. Bxa6 bxc3 32. Rc1 f6 33. Rxc3 Qxa5 34. Rc6 Re1+ 35. Kh2 Qe5 36. Qc3 Rd4 37. f4 Qe4 38. Rc7+ Kh6 39. g4 Qxf4+ 0-1

[Event "25th Bosnjaci Open 2020"]
[Site "Bosnjaci"]
[Date "2020.01.04"]
[Round "2.3"]
[White "Fercec, Nenad"]
[Black "Boban, Sten"]
[Result "1-0"]
[ECO "C43"]
[WhiteElo "2423"]
[BlackElo "2078"]
[Annotator "ChessBase"]
[PlyCount "47"]
[EventDate "2020.01.03"]
[EventType "swiss"]
[EventCountry "CRO"]
[SourceTitle "playchess.com"]
[Source "ChessBase"]
[SourceQuality "1"]
[TimeControl "5400+30"]

1. e4 e5 2. Nf3 Nf6 3. d4 Nxe4 4. Bd3 d5 5. Nxe5 Nd7 6. Nxd7 Bxd7 7. Nc3 Nxc3 8. bxc3 Bd6 9. Qh5 c6 10. O-O Be6 11. Re1 Qd7 12. Bg5 g6 13. Qh4 Be7 14. Bf6 Qd8 15. Bxg6 Kd7 16. Bxf7 Bxf6 17. Bxe6+ Kc7 18. Qf4+ Kb6 19. Rab1+ Ka6 20. c4 Rf8 21. Qe3 dxc4 22. Qa3+ Qa5 23. Bxc4+ b5 24. Bxb5+ 1-0

[Event "25th Bosnjaci Open 2020"]
[Site "Bosnjaci"]
[Date "2020.01.04"]
[Round "2.4"]
[White "Rogulj, Branko"]
[Black "Zlatarevic, Ivan"]
[Result "1-0"]
[ECO "C42"]
[WhiteElo "2386"]
[BlackElo "2043"]
[Annotator "ChessBase"]
[PlyCount "93"]
[EventDate "2020.01.03"]
[EventType "swiss"]
[EventCountry "CRO"]
[SourceTitle "playchess.com"]
[Source "ChessBase"]
[SourceQuality "1"]
[TimeControl "5400+30"]

1. e4 e5 2. Nf3 Nf6 3. Nxe5 d6 4. Nf3 Nxe4 5. d4 d5 6. Bd3 Bd6 7. O-O O-O 8. c4 c6 9. Qc2 f5 10. Nc3 Be6 11. Qb3 Qd7 12. Ng5 Nxg5 13. Bxg5 h6 14. Bd2 Qf7 15. c5 Bc7 16. Na4 Nd7 17. Qxb7 Nb6 18. Qa6 Bc8 19. Qa5 Nc4 20. Qc3 Nxd2 21. Qxd2 Qh5 22. h3 f4 23. f3 Qg5 24. Kh1 Re8 25. Nc3 Bd7 26. Rad1 Re3 27. Bb1 g6 28. b4 Rae8 29. Bd3 Kg7 30. Ne2 Bf5 31. Ba6 Bd8 32. Ng1 Bf6 33. Bb7 Rd3 34. Qc1 Rxd4 35. Bxc6 Rc4 36. Bxe8 Rxc1 37. Rxc1 Bd8 38. Rfd1 Be6 39. Bc6 Bf6 40. Rc2 d4 41. Be4 Qe5 42. Ne2 Qc7 43. Nxd4 Bc8 44. Nb5 Qe7 45. Nd6 Be6 46. Re2 Be5 47. Bc6 1-0

[Event "25th Bosnjaci Open 2020"]
[Site "Bosnjaci"]
[Date "2020.01.04"]
[Round "2.7"]
[White "Caric, Mato"]
[Black "Zovko, Mario"]
[Result "0-1"]
[ECO "B18"]
[WhiteElo "2055"]
[BlackElo "2330"]
[Annotator "NA"]
[PlyCount "96"]
[EventDate "2020.01.03"]
[EventType "swiss"]
[EventCountry "CRO"]
[SourceTitle "playchess.com"]
[Source "ChessBase"]
[SourceQuality "1"]
[TimeControl "5400+30"]

1. e4 c6 2. d4 d5 3. Nc3 dxe4 4. Nxe4 Bf5 5. Ng3 Bg6 6. Nf3 Nd7 7. Bd3 Bxd3 8. Qxd3 e6 9. O-O Qc7 10. c4 Ngf6 11. Bg5 {[%emt 0:06:30] B18: Classical Caro-Kann: 4...Bf5 sidelines} (11. Ne2 Be7 12. Bf4 Bd6 13. Bxd6 Qxd6 14. Rad1 O-O 15. Nc3 Rfd8 16. Rfe1 h6 17. h3 Qc7 18. Qe2 a6 {½-½ (31) Neto,H (2615)-Dhanish,P (2608) ICCF email 2012}) 11... Be7 12. Rfe1 O-O 13. Rad1 Rfe8 14. Bxf6 $146 ({Predecessor:} 14. b3 Rad8 15. Qc2 h6 16. Bc1 Bb4 17. Re2 e5 18. dxe5 Nxe5 19. Nxe5 Rxd1+ 20. Qxd1 Rxe5 {½-½ (54) Garnier,R (2202)-Brizzi,M (2075) Buenos Aires 2018}) 14... Nxf6 15. Qb3 Rad8 16. Ne4 Nxe4 17. Rxe4 Bf6 18. Re2 a6 19. Qc2 g6 20. g3 Rd7 21. Ne5 Bxe5 22. dxe5 Red8 23. Rxd7 Rxd7 24. b3 Qd8 25. Kg2 Rd4 26. Qc3 Rd3 27. Qc2 Qd4 28. h3 $17 c5 29. Qc1 b5 30. Qf4 Qxf4 31. gxf4 bxc4 32. bxc4 Rd4 33. Kf3 Rxc4 34. Re3 Ra4 35. a3 Kg7 36. Rc3 Ra5 37. Ke4 Rb5 38. Kd3 Kf8 39. Kc4 Ke7 40. Rd3 Rb2 41. Kxc5 Rxf2 42. Rd4 Rf3 43. a4 Rxh3 44. Kb6 Rb3+ 45. Kxa6 h5 46. a5 h4 47. Ka7 h3 48. Rd2 f6 0-1

[Event "25th Bosnjaci Open 2020"]
[Site "Bosnjaci"]
[Date "2020.01.04"]
[Round "2.8"]
[White "Runic, Zoran"]
[Black "Pasalic, Adnan"]
[Result "1-0"]
[ECO "C26"]
[WhiteElo "2326"]
[BlackElo "2024"]
[Annotator "RC"]
[PlyCount "55"]
[EventDate "2020.01.03"]
[EventType "swiss"]
[EventCountry "CRO"]
[SourceTitle "playchess.com"]
[Source "ChessBase"]
[SourceQuality "1"]
[TimeControl "5400+30"]

1. e4 e5 2. Nc3 Nf6 3. g3 Bc5 4. Bg2 O-O 5. Nge2 Nc6 6. d3 d6 7. Na4 Bb6 8. Nxb6 axb6 9. O-O Be6 10. f4 h6 11. h3 Nh7 12. f5 Bd7 13. g4 f6 14. h4 Ne7 15. Ng3 c6 16. c3 Kh8 17. d4 b5 18. Be3 Be8 19. dxe5 dxe5 20. Qxd8 Rxd8 21. Bc5 Rf7 22. Rfd1 Rd7 23. a4 b6 24. Rxd7 Bxd7 25. Bxb6 bxa4 26. Rxa4 Nc8 27. Bc5 Nf8 28. Bf1 1-0

[Event "25th Bosnjaci Open 2020"]
[Site "Bosnjaci"]
[Date "2020.01.04"]
[Round "2.9"]
[White "Egerc, Josip"]
[Black "Rosic, Slavko S"]
[Result "0-1"]
[ECO "B01"]
[WhiteElo "2038"]
[BlackElo "2295"]
[Annotator "ChessBase"]
[PlyCount "60"]
[EventDate "2020.01.03"]
[EventType "swiss"]
[EventCountry "CRO"]
[SourceTitle "playchess.com"]
[Source "ChessBase"]
[SourceQuality "1"]
[TimeControl "5400+30"]

1. e4 d5 2. exd5 Qxd5 3. Nc3 Qa5 4. d4 e5 5. Bc4 Bb4 6. Nge2 Nc6 7. O-O Bg4 8. dxe5 Nxe5 9. Bb5+ c6 10. Qd4 f6 11. a3 Be7 12. f4 Bxe2 13. b4 Qd8 14. Qxd8+ Bxd8 15. Bxe2 Bb6+ 16. Kh1 Bd4 17. Bb2 Ng6 18. Bg4 Nh6 19. Be6 Nf8 20. Bh3 f5 21. Rad1 Ne6 22. g4 fxg4 23. f5 gxh3 24. fxe6 Bf6 25. Rd7 O-O 26. Re1 Rae8 27. Kg1 Nf5 28. Nd1 Nh4 29. Re4 Nf3+ 30. Kf2 Ng5 0-1

[Event "25th Bosnjaci Open 2020"]
[Site "Bosnjaci"]
[Date "2020.01.04"]
[Round "2.10"]
[White "Stocko, Josip"]
[Black "Borzan, Andrej"]
[Result "0-1"]
[ECO "B07"]
[WhiteElo "2262"]
[BlackElo "1970"]
[Annotator "ChessBase"]
[PlyCount "100"]
[EventDate "2020.01.03"]
[EventType "swiss"]
[EventCountry "CRO"]
[SourceTitle "playchess.com"]
[Source "ChessBase"]
[SourceQuality "1"]
[TimeControl "5400+30"]

1. e4 d6 2. d4 Nf6 3. Nc3 g6 4. g3 Bg7 5. Bg2 O-O 6. Nge2 e5 7. O-O Nbd7 8. h3 c6 9. a4 Qc7 10. Be3 Re8 11. Qd2 Nb6 12. b3 a5 13. Rad1 d5 14. exd5 Nfxd5 15. Nxd5 Nxd5 16. Bh6 e4 17. Bxg7 Kxg7 18. Qc1 f5 19. Rfe1 Be6 20. Qb2 Kg8 21. Nc3 Rac8 22. Nb1 Bf7 23. Na3 e3 24. c4 Nf6 25. fxe3 Qxg3 26. Qf2 Ne4 27. Qxg3 Nxg3 28. d5 cxd5 29. Bxd5 Bxd5 30. Rxd5 b6 31. Nb5 Rcd8 32. Nd6 Rf8 33. Red1 Ne2+ 34. Kg2 Nc3 35. R1d3 Nxd5 36. Rxd5 Kg7 37. Kg3 Kf6 38. e4 fxe4 39. Nxe4+ Kg7 40. Rb5 Rd3+ 41. Kg2 Re8 42. Nf2 Re2 43. Kf1 Rdd2 44. Ng4 h5 45. Ne5 Ra2 46. Nd3 Rh2 47. Kg1 Rxh3 48. Rd5 Rd2 49. Nf4 Rxd5 50. cxd5 Rxb3 0-1

[Event "25th Bosnjaci Open 2020"]
[Site "Bosnjaci"]
[Date "2020.01.04"]
[Round "2.11"]
[White "Mestrovic, Toni"]
[Black "Matanovic, Luka"]
[Result "0-1"]
[ECO "C98"]
[WhiteElo "2026"]
[BlackElo "2256"]
[Annotator "ChessBase"]
[PlyCount "72"]
[EventDate "2020.01.03"]
[EventType "swiss"]
[EventCountry "CRO"]
[SourceTitle "playchess.com"]
[Source "ChessBase"]
[SourceQuality "1"]
[TimeControl "5400+30"]

1. e4 e5 2. Nf3 Nc6 3. Bb5 a6 4. Ba4 Nf6 5. O-O b5 6. Bb3 Be7 7. Re1 d6 8. c3 O-O 9. h3 Na5 10. Bc2 c5 11. d4 Qc7 12. Nbd2 Nc6 13. dxc5 dxc5 14. Nf1 Rd8 15. Qe2 h6 16. Ne3 Be6 17. a4 Rab8 18. axb5 axb5 19. b3 Na5 20. c4 bxc4 21. bxc4 Nb3 22. Bxb3 Rxb3 23. Nd5 Bxd5 24. exd5 Bd6 25. Ra6 Re8 26. Nh4 e4 27. Rc6 Qd7 28. Bb2 Be5 29. Bxe5 Rxe5 30. Rxc5 Rh5 31. Qc2 Rxh3 32. gxh3 Qxh3 33. Re3 Qxh4 34. Rc8+ Kh7 35. Kf1 Qg4 36. Ke1 Qxc8 0-1

[Event "25th Bosnjaci Open 2020"]
[Site "Bosnjaci"]
[Date "2020.01.04"]
[Round "2.12"]
[White "Andrijevic, Milan"]
[Black "Todev, Simeon"]
[Result "1/2-1/2"]
[ECO "B92"]
[WhiteElo "2223"]
[BlackElo "1957"]
[Annotator "ChessBase"]
[PlyCount "87"]
[EventDate "2020.01.03"]
[EventType "swiss"]
[EventCountry "CRO"]
[SourceTitle "playchess.com"]
[Source "ChessBase"]
[SourceQuality "1"]
[TimeControl "5400+30"]

1. e4 c5 2. Nf3 d6 3. d4 cxd4 4. Nxd4 Nf6 5. Nc3 a6 6. Be2 e5 7. Nb3 Be7 8. Be3 Be6 9. Nd5 Nbd7 10. Qd3 O-O 11. O-O b5 12. a4 Bxd5 13. exd5 bxa4 14. Rxa4 Nb6 15. Rxa6 Rxa6 16. Qxa6 Nbxd5 17. Bd2 Nc7 18. Qc6 Ne6 19. f4 Qc8 20. Qxc8 Rxc8 21. c3 exf4 22. Bxf4 Rb8 23. Bd1 Nxf4 24. Rxf4 Nd5 25. Re4 f5 26. Re1 Bg5 27. Kf2 Kf8 28. Kf3 Bf6 29. g3 Be5 30. Bc2 g6 31. Ra1 Bg7 32. Rd1 Nb6 33. Nd4 Nc4 34. Ne6+ Kf7 35. Nxg7 Rxb2 36. Nxf5 Rxc2 37. Nxd6+ Nxd6 38. Rxd6 Rxc3+ 39. Kf4 Rc4+ 40. Kf3 h5 41. h4 Rg4 42. Ra6 Kg7 43. Rb6 Kf7 44. Ra6 1/2-1/2

[Event "25th Bosnjaci Open 2020"]
[Site "Bosnjaci"]
[Date "2020.01.04"]
[Round "2.14"]
[White "Sipic, Hrvoje"]
[Black "Matanovic, Nikola"]
[Result "0-1"]
[ECO "D02"]
[WhiteElo "2210"]
[BlackElo "1933"]
[Annotator "ChessBase"]
[PlyCount "82"]
[EventDate "2020.01.03"]
[EventType "swiss"]
[EventCountry "CRO"]
[SourceTitle "playchess.com"]
[Source "ChessBase"]
[SourceQuality "1"]
[TimeControl "5400+30"]

1. d4 d5 2. Nf3 Nf6 3. Bf4 e6 4. e3 Bd6 5. Ne5 Nbd7 6. Nd2 O-O 7. Bd3 Bxe5 8. dxe5 Ne8 9. Nf3 f6 10. h4 c5 11. Bxh7+ Kxh7 12. Ng5+ fxg5 13. hxg5+ Kg8 14. Qh5 Rxf4 15. exf4 Kf8 16. g6 Nb6 17. Qh8+ Ke7 18. Qg8 Kd7 19. f5 exf5 20. Qf7+ Qe7 21. Qxf5+ Kc6 22. Qf4 Be6 23. O-O-O Rd8 24. Rh8 d4 25. Kb1 Nd5 26. Qe4 Qd7 27. Rf8 Kb6 28. f4 Qb5 29. Kc1 Nb4 30. a3 Na2+ 31. Kd2 Qxb2 32. f5 Qc3+ 33. Ke2 Bc4+ 34. Kf2 Qe3+ 35. Qxe3 dxe3+ 36. Kxe3 Rxd1 37. Rxe8 Nc3 38. Kf4 Rd4+ 39. Kg5 Ne4+ 40. Kh5 Ng3+ 41. Kg5 Be2 0-1

[Event "25th Bosnjaci Open 2020"]
[Site "Bosnjaci"]
[Date "2020.01.04"]
[Round "3.1"]
[White "Zaja, Ivan"]
[Black "Hodak, Stevo"]
[Result "1-0"]
[ECO "D06"]
[WhiteElo "2447"]
[BlackElo "2186"]
[Annotator "NA"]
[PlyCount "51"]
[EventDate "2020.01.03"]
[EventType "swiss"]
[EventCountry "CRO"]
[SourceTitle "playchess.com"]
[Source "ChessBase"]
[SourceQuality "1"]
[TimeControl "5400+30"]

1. d4 d5 2. c4 Nf6 3. cxd5 Nxd5 4. e4 Nf6 5. Nc3 e6 6. Nf3 Be7 7. Bd3 c5 8. d5 exd5 9. e5 Ng8 10. Nxd5 Nc6 11. Be4 Bg4 12. Bf4 f5 13. exf6 Nxf6 14. Nc7+ Kf8 15. Bxc6 bxc6 16. Nxa8 Qxa8 17. Bd6 Qd8 18. Bxe7+ Qxe7+ 19. Qe2 Qxe2+ 20. Kxe2 Kf7 21. Rhc1 Re8+ 22. Kf1 Ne4 23. Re1 Kf6 24. Re3 Bd7 25. Rae1 Nd6 26. Ne5 1-0

[Event "25th Bosnjaci Open 2020"]
[Site "Bosnjaci"]
[Date "2020.01.04"]
[Round "3.3"]
[White "Babic, Zvonko"]
[Black "Rogulj, Branko"]
[Result "0-1"]
[ECO "E61"]
[WhiteElo "2165"]
[BlackElo "2386"]
[Annotator "NA"]
[PlyCount "66"]
[EventDate "2020.01.03"]
[EventType "swiss"]
[EventCountry "CRO"]
[SourceTitle "playchess.com"]
[Source "ChessBase"]
[SourceQuality "1"]
[TimeControl "5400+30"]

1. Nf3 Nf6 2. e3 g6 3. d4 Bg7 4. Be2 O-O 5. O-O d6 6. c4 c5 7. Nc3 cxd4 8. exd4 d5 9. h3 Nc6 10. Be3 dxc4 11. Bxc4 b6 12. a3 Bb7 13. b4 Rc8 14. Qb3 Qc7 15. Rac1 Nxd4 16. Bxf7+ Rxf7 17. Nxd4 Qc4 18. Qxc4 Rxc4 19. Ncb5 Rxc1 20. Rxc1 a6 21. Rc7 e5 22. Rxf7 Kxf7 23. Nd6+ Ke7 24. Nxb7 exd4 25. Bxd4 Kd7 26. Be5 Ne8 27. Bg3 Bf8 28. Bh4 Be7 29. Bxe7 Kxe7 30. a4 Kd7 31. a5 Kc7 32. b5 axb5 33. a6 b4 0-1

[Event "25th Bosnjaci Open 2020"]
[Site "Bosnjaci"]
[Date "2020.01.04"]
[Round "3.7"]
[White "Rosic, Slavko S"]
[Black "Blagojevic, Marijan"]
[Result "1-0"]
[ECO "B44"]
[WhiteElo "2295"]
[BlackElo "2164"]
[Annotator "ChessBase"]
[PlyCount "83"]
[EventDate "2020.01.03"]
[EventType "swiss"]
[EventCountry "CRO"]
[SourceTitle "playchess.com"]
[Source "ChessBase"]
[SourceQuality "1"]
[TimeControl "5400+30"]

1. e4 c5 2. Nf3 e6 3. d4 cxd4 4. Nxd4 Nc6 5. Be3 Qc7 6. g3 a6 7. Bg2 Nf6 8. O-O d6 9. Nxc6 bxc6 10. c4 Be7 11. Nc3 Rb8 12. b3 O-O 13. h3 c5 14. Qd2 Bb7 15. Rad1 Bc6 16. f4 Rbd8 17. Rfe1 Qb7 18. Bf2 Rfe8 19. Kh2 Rd7 20. g4 g6 21. Bf3 Rdd8 22. g5 Nd7 23. h4 Nb6 24. h5 a5 25. Kg3 a4 26. Rh1 axb3 27. axb3 f5 28. hxg6 hxg6 29. Rh6 Kg7 30. Qe2 fxe4 31. Nxe4 Rh8 32. Rdh1 Nd7 33. Bd4+ cxd4 34. Qh2 Kf7 35. Rh7+ Ke8 36. Rxh8+ Nf8 37. Rxf8+ Bxf8 38. Nf6+ Kf7 39. Bxc6 Qxc6 40. Qh7+ Bg7 41. Rh6 Rh8 42. Qxg6+ 1-0

[Event "25th Bosnjaci Open 2020"]
[Site "Bosnjaci"]
[Date "2020.01.04"]
[Round "3.8"]
[White "Matanovic, Luka"]
[Black "Tomas, Ante"]
[Result "1-0"]
[ECO "C72"]
[WhiteElo "2256"]
[BlackElo "2157"]
[Annotator "NA"]
[PlyCount "51"]
[EventDate "2020.01.03"]
[EventType "swiss"]
[EventCountry "CRO"]
[SourceTitle "playchess.com"]
[Source "ChessBase"]
[SourceQuality "1"]
[TimeControl "5400+30"]

1. e4 e5 2. Nf3 Nc6 3. Bb5 a6 4. Ba4 d6 5. O-O Bg4 6. c3 Qf6 7. d3 Bxf3 8. Qxf3 Qxf3 9. gxf3 g6 10. Be3 Bg7 11. b4 Nge7 12. Bb3 O-O 13. a4 Rfd8 14. Na3 d5 15. b5 Na5 16. Ba2 dxe4 17. dxe4 Nc8 18. Rfd1 Rxd1+ 19. Rxd1 Nd6 20. b6 Nc6 21. bxc7 Bf8 22. Nc4 Nxc4 23. Bxc4 Be7 24. Bf1 Rc8 25. Bb6 f5 26. Bc4+ 1-0

[Event "25th Bosnjaci Open 2020"]
[Site "Bosnjaci"]
[Date "2020.01.04"]
[Round "3.9"]
[White "Bobanac, Miro"]
[Black "Draganic, Stjepan"]
[Result "1/2-1/2"]
[ECO "E07"]
[WhiteElo "2218"]
[BlackElo "2112"]
[Annotator "NA"]
[PlyCount "43"]
[EventDate "2020.01.03"]
[EventType "swiss"]
[EventCountry "CRO"]
[SourceTitle "playchess.com"]
[Source "ChessBase"]
[SourceQuality "1"]
[TimeControl "5400+30"]

1. Nf3 d5 2. b3 Nf6 3. Bb2 c6 4. c4 e6 5. g3 Be7 6. Bg2 O-O 7. O-O Ne4 8. d4 Nd7 9. Ne5 f5 10. Nxd7 Bxd7 11. f3 Nd6 12. Nd2 f4 13. gxf4 Nf5 14. Qb1 Ne3 15. Rc1 Bd6 16. Nf1 Bxf4 17. Rc3 Qg5 18. Nxe3 Bxe3+ 19. Rxe3 Qxe3+ 20. Kf1 Qf4 21. Kg1 Qe3+ 22. Kf1 1/2-1/2

[Event "25th Bosnjaci Open 2020"]
[Site "Bosnjaci"]
[Date "2020.01.04"]
[Round "3.11"]
[White "Matanovic, Nikola"]
[Black "Kovacevic, Blazimir"]
[Result "1/2-1/2"]
[ECO "A80"]
[WhiteElo "1933"]
[BlackElo "2451"]
[Annotator "RC"]
[PlyCount "85"]
[EventDate "2020.01.03"]
[EventType "swiss"]
[EventCountry "CRO"]
[SourceTitle "playchess.com"]
[Source "ChessBase"]
[SourceQuality "1"]
[TimeControl "5400+30"]

1. d4 f5 2. e3 Nf6 3. Be2 d6 4. Bh5+ Nxh5 5. Qxh5+ g6 6. Qe2 Bg7 7. b3 e5 8. c3 O-O 9. Bb2 Nd7 10. Nd2 d5 11. h4 f4 12. O-O-O fxe3 13. fxe3 exd4 14. exd4 Nf6 15. Ngf3 Nh5 16. Rhe1 Nf4 17. Qf1 Bf5 18. Re3 Bh6 19. Rde1 Qd6 20. Ne5 Nh5 21. Rf3 Be4 22. Nf7 Rxf7 23. Rxf7 Nf4 24. Nxe4 dxe4 25. Rxf4 Qxf4+ 26. Qxf4 Bxf4+ 27. Kd1 Re8 28. Ba3 Bg3 29. Rh1 Kg7 30. Rh3 Bf4 31. Ke2 h5 32. g3 Bh6 33. g4 hxg4 34. Rg3 Kf6 35. Rxg4 Kf5 36. Rg2 Bf4 37. c4 Rh8 38. Be7 Rh7 39. Bg5 Bxg5 40. Rxg5+ Kf6 41. Rg4 Kf5 42. Rg5+ Kf6 43. Rg4 1/2-1/2